Get step-by-step instructions on how to execute this build order below. Start the game timer, and the build order will tick by so you can play in parallel with StarCraft on a second screen or mobile device.

Game Time

  0:00

Last Step

  N/A

Next Step

Upcoming Step



Don't want to look back and forth between 2 screens? Try out our Overwolf App, the Spawning Tool Build Advisor to get an in-game overlay with this build!

Complete Build Order

  12  0:00  Probe  
  13  0:12  Probe  
  14  0:19  Pylon  
  14  0:24  Probe  
  15  0:38  Probe (Chrono Boost)  
  15  0:40  Gateway  
  16  0:46  Probe (Chrono Boost)  
  17  0:50  Assimilator  
  17  0:52  Probe  
  18  1:04  Probe  
  19  1:16  Probe  
  20  1:27  Nexus  
  20  1:37  Cybernetics Core  
  20  1:39  Probe  
  21  1:46  Assimilator  
  21  1:51  Probe  
  21  1:53  Pylon  
  22  2:03  Probe  
  23  2:10  Adept (Chrono Boost)  
  23  2:13  Warp Gate  
  23  2:15  Probe  
  26  2:22  Twilight Council  
  26  2:27  Probe  
  27  2:30  Adept (Chrono Boost)  
  29  2:39  Probe (Chrono Boost)  
  31  2:45  Probe (Chrono Boost)  
  31  2:48  Probe (Chrono Boost)  
  32  2:52  Probe (Chrono Boost)  
  32  2:53  Probe (Chrono Boost), Stalker  
  36  3:03  Probe  
  36  3:04  Gateway  
  37  3:05  Probe  
  37  3:09  Gateway  
  37  3:11  Resonating Glaives (Chrono Boost)  
  38  3:16  Probe  
  38  3:18  Probe  
  40  3:25  Pylon  
  40  3:28  Probe  
  40  3:30  Probe  
  42  3:40  Probe  
  43  3:43  Probe  
  43  3:46  Nexus  
  44  3:48  Pylon  
  44  3:52  Probe  
  44  3:55  Probe  
  46  4:01  Adept  
  46  4:02  Adept  
  50  4:04  Probe, Adept  
  50  4:07  Probe  
  54  4:10  Robotics Facility  
  54  4:14  Assimilator  
  54  4:16  Assimilator, Probe  
  55  4:19  Probe  
  55  4:22  Pylon  
  56  4:24  Adept  
  56  4:28  Adept  
  56  4:29  Adept  
  62  4:36  Shield Battery  
  62  4:40  Probe x2  
  62  4:42  Dark Shrine  
  64  4:52  Probe  
  65  4:56  Probe  
  65  4:59  Immortal (Chrono Boost)  
  71  5:08  Gateway  
  71  5:09  Gateway, Adept  
  71  5:11  Adept  
  71  5:12  Adept  
  71  5:13  Probe  
  74  5:17  Probe  
  74  5:20  Probe  
  64  5:23  Shield Battery  
  64  5:26  Pylon  
  64  5:30  Sentry, Gateway  
  64  5:32  Sentry  
  64  5:33  Probe  
  64  5:34  Probe  
  64  5:35  Probe  
  71  5:38  Adept  
  73  5:56  Dark Templar  
  73  5:57  Dark Templar, Warp Prism (Chrono Boost)  
  69  6:02  Dark Templar, Gateway  
  69  6:03  Charge (Chrono Boost)  
  57  6:10  Probe  
  57  6:19  Gateway  
  57  6:20  Pylon  
  57  6:21  Dark Templar  
  57  6:22  Dark Templar  
  60  6:31  Pylon  
  60  6:38  Dark Templar x2  
  64  6:42  Archon  
  64  6:43  Zealot x2  
  64  6:45  Observer (Chrono Boost), Pylon  
  69  6:51  Probe  
  70  6:57  Archon  
  70  7:00  Archon  
  70  7:08  Dark Templar x2, Zealot x3  
  74  7:12  Archon  
  80  7:16  Nexus  
  80  7:20  Pylon  
  80  7:29  Sentry x2  
  84  7:30  Zealot  
  84  7:32  Pylon  
  86  7:43  Zealot x4  
  94  7:50  Zealot  
  94  7:52  Probe  
  94  7:53  Immortal (Chrono Boost), Probe  
  100  8:06  Templar Archives  
  100  8:11  Forge  
  100  8:16  Zealot  
  100  8:18  Pylon  
  102  8:21  Pylon  
  102  8:27  Immortal (Chrono Boost)  
  102  8:30  Probe x2  
  108  8:34  Probe  
  109  8:42  Probe x2  
  109  8:48  High Templar x2  
  115  8:51  Zealot x4, Protoss Ground Weapons Level 1 (Chrono Boost)  
  115  8:53  Zealot, Archon  
  113  9:03  Zealot  
  113  9:07  Shield Battery  
  115  9:11  Immortal (Chrono Boost)  
  115  9:15  Probe x2  
  119  9:26  Probe  
  119  9:27  High Templar  
  119  9:28  Assimilator, Probe  
  119  9:29  Assimilator  
  121  9:32  Psionic Storm  
  121  9:37  High Templar  
  123  9:39  Probe  
  124  9:52  Zealot x4  
  132  9:58  Pylon x2  
  132  10:04  Pylon  
  132  10:11  Pylon  
  132  10:13  Pylon  
  127  10:15  High Templar x2  
  127  10:16  High Templar  
  127  10:18  Zealot x5  
  119  10:39  Zealot  
  119  10:40  Zealot x3  
  121  10:46  Zealot  
  99  10:54  Zealot x3  
  91  10:59  Archon  
  91  11:00  Zealot  
  91  11:01  Zealot  
  78  11:07  Zealot x3